 Dungeon Crawl Stone Soup version 0.31-a0-986-g5e6e4ef867 (webtiles) character file.

Game seed: 6448003431236279169

268 promet the Poker (level 6, -1/51 HPs)
             Began as a Merfolk Fighter on Nov 16, 2023.
             Killed from afar by an orc wizard (3 damage)
             ... with a puff of flame
             ... on level 2 of the Dungeon.
             The game lasted 00:08:48 (2749 turns).

promet the Poker (Merfolk Fighter)                  Turns: 2749, Time: 00:08:48

Health: -1/51      AC:  6    Str: 16    XL:     6   Next: 21%
Magic:  6/6        EV:  9    Int: 10    God:
Gold:   142        SH:  0    Dex: 13    Spells: 5/5 levels left

rFire   . . .        a - +0 scythe
rCold   . . .        (shield currently unavailable)
rNeg    . . .        b - +0 scale mail
rPois   .            (no helmet)
rElec   .            (no cloak)
rCorr   .            (no gloves)
SInv    .            (no boots)
Will    .....        (no amulet) Stlth
                     (no ring)
HPRegen 0.28/turn    (no ring)
MPRegen 0.10/turn

%: no passive effects
@: hasted, very quick
A: (nimble swimmer 2), mertail
a: no special abilities


You were on level 2 of the Dungeon.
You visited 1 branch of the dungeon, and saw 2 of its levels.

You collected 142 gold pieces.

Inventory:

Hand Weapons
 a - a +0 scythe (weapon)
 i - a +0 trident
Missiles
 f - 5 stones (quivered)
Armour
 b - a +0 scale mail (worn)
 c - a +0 buckler
Scrolls
 j - a scroll of fear
Potions
 d - a potion of curing {unknown}
 e - a potion of brilliance
 h - 2 potions of attraction


   Skills:
 * Level 5.0 Fighting
 + Level 5.5 Polearms
 + Level 0.4 Throwing
 + Level 2.7 Armour
 + Level 1.0 Dodging
 + Level 3.5 Shields


You had 5 spell levels left.
You didn't know any spells.
Your spell library contained the following spells:

 Spells                   Type           Power      Damage    Failure   Level
 Ozocubu's Armour         Ice            0%         N/A       99%         3
 Ozocubu's Refrigeration  Ice            0%         4d7       100%        7


Dungeon Overview and Level Annotations

Branches:
Dungeon (2/15)

Altars:

Shops:
D:2 *

Annotations:
D:1 1 runed translucent door


Innate Abilities, Weirdness & Mutations

((You are very nimble when in or above water. (Stealth+, EV+, Speed+++)))
Your lower body shifts to a powerful aquatic tail in water.


Message History

You hear some strange, mumbled words.
A puff of flame appears from out of thin air!
The puff of flame hits you!
* * * LOW HITPOINT WARNING * * *
You feel less confused.
Something hits you but does no damage. x2
You miss something.
You hear some strange, mumbled words.
Something tries to affect you, but you resist.
You hear some strange, mumbled words.
You are confused.
Something hits you but does no damage.
You bump into the rock wall.
Something completely misses you. x2
You barely miss the orc. The orc hits you with a +0 mace.
* * * LOW HITPOINT WARNING * * *
Something hits you but does no damage. Something hits you.
* * * LOW HITPOINT WARNING * * *
It was a potion of haste.
You feel yourself speed up. The orc hits you with a +0 mace.
* * * LOW HITPOINT WARNING * * *
Something hits you but does no damage. x2
You closely miss something. The orc closely misses you.
Something hits you but does no damage. x2
You bump into the rock wall.
You hit the orc.
The orc is moderately wounded.
The orc barely misses you. Something hits you but does no damage.
You hear some strange, mumbled words.
A puff of flame appears from out of thin air!
The puff of flame hits you.
* * * LOW HITPOINT WARNING * * *
You bump into the rock wall.
You feel less confused. The orc closely misses you.
Something hits you but does no damage. x2
You closely miss something. The orc barely misses you.
Something hits you but does no damage.
You hear some strange, mumbled words.
A puff of flame appears from out of thin air!
The puff of flame hits you.
You die...

#....# #....###.# ..........
..<..# .....# # ##'#.# # ##.#.# #
.oo#.# ##########################
...#†###......oo@....)...........
##.#)...>......{.........).......
#.......###################.....
####....# #..... #......# #.....
........# ###### .........#
......#### ......#


You could see 2 orcs.

Vanquished Creatures
  Sigmund (D:2)
  An orc wizard (D:2)
  3 adders (D:2)
  2 worms (D:2)
  7 endoplasms
  6 goblins
  A hobgoblin (D:1)
  2 jackals (D:1)
  7 kobolds
  7 ball pythons
  7 bats
  6 frilled lizards
  2 rats
52 creatures vanquished.

Notes
Turn   | Place    | Note
-------+----------+-------------------------------------------
     0 | D:1      | promet the Merfolk Fighter began the quest for the Orb.
     0 | D:1      | Reached XP level 1. HP: 18/18 MP: 1/1
     1 | D:1      | Found a runed translucent door.
   491 | D:1      | Reached XP level 2. HP: 24/24 MP: 2/2
  1094 | D:1      | Reached XP level 3. HP: 21/30 MP: 3/3
  1916 | D:2      | Reached XP level 4. HP: 37/37 MP: 4/4
  2053 | D:2      | Found Quedgha's Assorted Antiques.
  2082 | D:2      | Noticed Sigmund
  2097 | D:2      | Killed Sigmund
  2098 | D:2      | Reached skill level 5 in Polearms
  2098 | D:2      | Reached XP level 5. HP: 18/43 MP: 5/5
  2319 | D:2      | Reached XP level 6. HP: 46/50 MP: 6/6
  2350 | D:2      | Reached skill level 5 in Fighting
  2728 | D:2      | Reached skill level 1 in Dodging
  2747 | D:2      | HP: 2/51 [something/puff of flame (3)]
  2749 | D:2      | Killed from afar by an orc wizard

Illustrated notes

Levels and vault maps discovered:
D:1:      dpeg_arrival_caged_fury, layout_basic, minmay_misc_feat_secret_circle
D:2:      layout_basic, serial_shops, shop, minmay_pentomino_v4, uniq_sigmund

Skill      XL: |  1  2  3  4  5  6 |
---------------+-------------------+-----
Polearms       | 3 4 5 |  5.5
Fighting       | 4 5 |  5.0
Dodging        | 1 |  1.0
Throwing       | |  0.4
Armour         | |  2.7
Shields        | |  3.5

Action                     |  1- 3 |  4- 6 || total
---------------------------+-------+-------++-------
  Melee: Trident           |   132 |    38 ||   170
         Halberd           |       |    40 ||    40
         Punch             |       |     1 ||     1
  Throw: Stone             |     5 |     5 ||    10
    Use: Scroll            |     4 |       ||     4
         Potion            |       |     3 ||     3
 Armour: Scale mail        |    73 |    95 ||   168
  Dodge: Dodged            |    50 |    40 ||    90
  Block: Buckler           |    23 |     4 ||    27

Table legend: (Time is in decaauts)
 A = Elapsed time spent in this place.
 B = Non-inter-level travel time spent in this place.
 C = Inter-level travel time spent in this place.
 D = Time resting spent in this place.
 E = Time spent auto-exploring this place.
 F = Levels seen in this place.
 G = Mean time per level.
                   A        B        C        D        E       F      G
               +--------+--------+--------+--------+--------+-----+--------+
         Total |   2781 |   2748 |     33 |   1411 |    414 |   2 | 1390.5 |
       Dungeon |   2781 |   2748 |     33 |   1411 |    414 |   2 | 1390.5 |
               +--------+--------+--------+--------+--------+-----+--------+

Top non-repeatable levels by time:
     D:1: 1658 daAuts
     D:2: 1122 daAuts
